 Dungeon Crawl Stone Soup version 0.32-a0-22-g6ae6769602 (webtiles) character file.

Game seed: 11981206643065990459

1523 Dittersdorf the Covered (level 8, -1/52 HPs)
             Began as a Gargoyle Fighter on Jan 18, 2024.
             Was an Initiate of Gozag.
             Killed from afar by a gargoyle (8 damage)
             ... with a stone arrow
             ... on level 6 of the Dungeon.
             The game lasted 00:12:51 (6452 turns).

Dittersdorf the Covered (Gargoyle Fighter)          Turns: 6452, Time: 00:12:51

Health: -1/52      AC: 21    Str: 22    XL:     8   Next: 84%
Magic:  8/8        EV:  8    Int:  9    God:    Gozag
Gold:   416        SH:  5    Dex:  9    Spells: 7/7 levels left

rFire   . . .        B - +1 morningstar
rCold   . . .        c - +0 buckler
rNeg    + + .        u - +0 chain mail
rPois   ∞            w - +0 helmet
rElec   +            y - +0 cloak
rCorr   .            v - +2 pair of gloves
SInv    .            (no boots)
Will    .....        (no amulet) Stlth
                     f - ring of flight
HPRegen 0.28/turn    l - ring of positive energy
MPRegen 0.11/turn

%: no passive effects
@: mighty, flying
A: sickness immunity, AC +5, negative energy resistance 1, electricity
resistance, torment resistance 1, petrification resistance
a: Renounce Religion, Potion Petition, Call Merchant, Bribe Branch


You were on level 6 of the Dungeon.
You worshipped Gozag.
Gozag was aware of your devotion.
You visited 2 branches of the dungeon, and saw 8 of its levels.

You collected 541 gold pieces.
You spent 70 gold pieces at shops.
You paid 55 gold pieces to Gozag.

Inventory:

Hand Weapons
 B - a +1 morningstar (weapon)
Armour
 c - a +0 buckler (worn)
 m - a +0 plate armour
 u - a +0 chain mail (worn)
 v - a +2 pair of gloves (worn)
 w - a +0 helmet (worn)
 y - a +0 cloak (worn)
Jewellery
 a - a ring of magical power
 f - a ring of flight (left hand)
 l - a ring of positive energy (right hand)
 r - a ring of protection from cold
Wands
 b - a wand of mindburst (11) (quivered)
Scrolls
 g - a scroll of revelation
 i - a scroll of enchant weapon
 o - 4 scrolls of teleportation
 p - a scroll of fear
Potions
 d - a potion of might
 e - 2 potions of brilliance
 h - 4 potions of cancellation
 k - a potion of resistance
 n - a potion of heal wounds
 q - 3 potions of mutation
 s - a potion of berserk rage
 t - 4 potions of curing
 x - a potion of enlightenment {unknown}
 z - a potion of invisibility {unknown}
 A - 2 potions of haste {unknown}
 C - a potion of degeneration {unknown}


   Skills:
 + Level 6.7 Fighting
 + Level 5.6 Maces & Flails
 + Level 6.7 Armour
 + Level 6.7 Shields


You had 7 spell levels left.
You didn't know any spells.
Your spell library contained the following spells:

 Spells                   Type           Power      Damage    Failure   Level
 Lesser Beckoning         Tloc           0%         N/A       99%         2
 Dazzling Flash           Conj/Hex       0%         N/A       100%        3
 Frozen Ramparts          Ice            0%         1d1       100%        3
 Gell's Gravitas          Tloc           0%         N/A       100%        3
 Mephitic Cloud           Conj/Alch/Air  0%         N/A       100%        3
 Teleport Other           Tloc           0%         N/A       100%        3
 Leda's Liquefaction      Alch/Erth      0%         N/A       100%        4
 Petrify                  Alch/Erth      0%         N/A       100%        4
 Curse of Agony           Necr           0%         N/A       100%        5
 Metabolic Englaciation   Hex/Ice        0%         N/A       100%        5
 Silence                  Hex/Air        0%         N/A       100%        5


Dungeon Overview and Level Annotations

Branches:
Dungeon (7/15)             Temple (1/1) D:4

Altars:
Ashenzari
Cheibriados
Dithmenos
Elyvilon
Fedhas
Gozag
Hepliaklqana
Kikubaaqudgha
Makhleb
Nemelex Xobeh
Okawaru
Qazlal
Ru
Sif Muna
Trog
Uskayaw
Vehumet
Wu Jian
Xom
Yredelemnul
Zin
The Shining One

Shops:
D:2 *(:!(


Innate Abilities, Weirdness & Mutations

You are immune to sickness and miasma.
Your stone body is resilient. (AC +5)
You are immune to poison.
You resist negative energy. (rN+)
You are resistant to electric shocks. (rElec)
You are resistant to unholy torment.
You are immune to petrification.


Message History

The gargoyle hits you but does no damage.
There is a stone staircase leading up here.
The gargoyle hits you with a +0 mace!
You fly upwards.
There is a stone staircase leading down here.
You hit the gargoyle but do no damage. You block the gargoyle's attack.
A gargoyle is nearby!
You feel very mighty all of a sudden.
The gargoyle hits you but does no damage.
You hit the gargoyle but do no damage. The gargoyle hits you with a +0 mace!
You closely miss the gargoyle.
The gargoyle hits you but does no damage.
The gargoyle hurls a stone arrow at you.
The stone arrow hits you but does no damage.
You completely miss the gargoyle.
The gargoyle hurls a stone arrow at you.
You block the stone arrow.
You hit the gargoyle but do no damage. The gargoyle closely misses you.
You thump the gargoyle!
The gargoyle is moderately damaged.
The gargoyle hurls a stone arrow at you.
The stone arrow misses you.
You hit the gargoyle but do no damage.
The gargoyle is moderately damaged.
The gargoyle hurls a stone arrow at you.
The stone arrow misses you.
The gargoyle hits you but does no damage.
You hit the gargoyle.
The gargoyle is heavily damaged.
The gargoyle hits you with a +0 mace!
You closely miss the gargoyle.
The gargoyle is moderately damaged.
The gargoyle hits you with a +0 mace!
* * * LOW HITPOINT WARNING * * *
You barely miss the gargoyle.
The gargoyle is moderately damaged.
The gargoyle hurls a stone arrow at you.
The stone arrow hits you!
You die...
Your body crumbles into a pile of gold.

...####.#.#.####.# #..#
#.#.#.# #.# #..# #.#.#.#
#.# #..# #.#.#.# #.#
#..####.#.#.# #.#
............## #.#
#............# #.#
#..###..#.##.###.#
#..............9@#
#..###..####.##### #..#
#..####.##
#..###........#
........####..##########
#..##..#.###...........#
#..#..###.##>#########.#
#.....# ##...# #.#
####..###.#### #)#


You could see a gargoyle.

Vanquished Creatures
  Jeremiah (D:7)
  A water moccasin (D:6)
  A black bear (D:6)
  A phantom (D:6)
  A bullfrog (D:4)
  3 scorpions
  3 wights (D:6)
  3 hounds
  A gnoll bouda (D:5)
  An orc priest (D:7)
  2 sleepcaps
  2 iguanas
  3 orc wizards
  11 adders
  4 gnolls
  2 white imps
  4 ufetubi
  2 dart slugs
  4 ribbon worms
  8 orcs
  4 endoplasms
  17 goblins
  6 hobgoblins
  8 kobolds
  4 quokkas
  4 ball pythons
  6 bats
  7 frilled lizards
  7 rats
121 creatures vanquished.

Notes
Turn   | Place    | Note
-------+----------+-------------------------------------------
     0 | D:1      | Dittersdorf the Gargoyle Fighter began the quest for the
                  | Orb.
     0 | D:1      | Reached XP level 1. HP: 14/14 MP: 1/1
   169 | D:1      | Reached XP level 2. HP: 18/19 MP: 2/2
   715 | D:2      | Reached XP level 3. HP: 18/23 MP: 3/3
   739 | D:2      | Found a basalt altar of Yredelemnul.
   784 | D:2      | Found Nuec's Distillery.
   790 | D:2      | Bought a potion of heal wounds for 70 gold pieces
   894 | D:2      | Found Adeun's Weapon Boutique.
   903 | D:2      | Found Xaaxofuu's Assorted Antiques.
   925 | D:2      | Found Ukeneoka's Book Shoppe.
  1004 | D:2      | Found Gylaux's Weapon Shop.
  1163 | D:2      | Reached XP level 4. HP: 18/29 MP: 4/4
  1361 | D:2      | Identified the +6 plate armour of Sloth {Harm rF- Will+
                  | Int+2}
  1683 | D:3      | Reached XP level 5. HP: 32/33 MP: 5/5
  2543 | D:4      | Found a staircase to the Ecumenical Temple.
  2570 | Temple   | Entered the Ecumenical Temple
  2599 | Temple   | Became a worshipper of Gozag Ym Sagoz the Greedy
  2681 | D:4      | Reached XP level 6. HP: 39/39 MP: 6/6
  3214 | D:4      | Found a hide-covered altar of Uskayaw.
  3214 | D:4      | Found a faded altar of an unknown god.
  3222 | D:4      | Found a snail-covered altar of Cheibriados.
  3224 | D:4      | Found a glowing silver altar of Zin.
  3226 | D:4      | Found a shimmering altar of Xom.
  3404 | D:5      | Entered Level 5 of the Dungeon
  3667 | D:5      | Reached skill level 5 in Armour
  3789 | D:5      | Reached skill level 5 in Shields
  3907 | D:5      | Reached skill level 5 in Fighting
  3914 | D:5      | Reached XP level 7. HP: 43/44 MP: 7/7
  4463 | D:5      | Found an ornate altar of the Wu Jian Council.
  4474 | D:5      | Identified the +5 dagger "Wanuesme" {flame, Int+3}
  4611 | D:6      | Found a bloodstained altar of Trog.
  4883 | D:6      | Reached XP level 8. HP: 50/51 MP: 8/8
  5051 | D:6      | Reached skill level 5 in Maces & Flails
  5420 | D:7      | Noticed Jeremiah
  5841 | D:7      | Killed Jeremiah
  6190 | D:7      | Noticed a gargoyle
  6452 | D:6      | Killed from afar by a gargoyle

Illustrated notes

Levels and vault maps discovered:
D:1:      dpeg_arrival_renting, layout_basic, chequers_serial_rivers_marsh,
          chequers_serial_rivers_micro_c
D:2:      minmay_chambers_of_ones, layout_loops_ring, basic_altar, serial_shops,
          nicolae_shop_trees, shop, shop, nicolae_shop_trees,
          nicolae_shop_overgrown_old_shop
D:3:      corexii_shack_village, layout_basic, cheibrodos_gnoll_hut
D:4:      layout_basic, chequers_temple_overflow_minitemple, temple_pool_b,
          minivault_26
D:5:      layout_basic, nicolae_wu_jian_glorious_leap
D:6:      layout_loops_ring, general_overflow_altar
D:7:      layout_gridville, minmay_chambers_of_fives, uniq_jeremiah, uniq_joseph
Temple:   nicolae_temple_elliptical

Skill      XL: |  1  2  3  4  5  6  7  8 |
---------------+-------------------------+-----
Armour         | 4 5 6 |  6.7
Fighting       | 4 5 6 |  6.7
Shields        | 4 5 6 |  6.7
Maces & Flails | 3 4 5 |  5.6

Action                     |  1- 3 |  4- 6 |  7- 9 || total
---------------------------+-------+-------+-------++-------
  Melee: Flail             |   160 |   143 |       ||   303
         Morningstar       |       |    83 |   219 ||   302
  Evoke: Wand              |       |       |     2 ||     2
    Use: Scroll            |       |    15 |     2 ||    17
         Potion            |       |       |     1 ||     1
   Stab: Distracted        |       |       |     1 ||     1
 Armour: Scale mail        |   121 |    18 |       ||   139
         Chain mail        |       |   200 |   280 ||   480
  Dodge: Dodged            |    95 |    79 |   119 ||   293
  Block: Buckler           |    40 |    37 |    64 ||   141

Table legend: (Time is in decaauts)
 A = Elapsed time spent in this place.
 B = Non-inter-level travel time spent in this place.
 C = Inter-level travel time spent in this place.
 D = Time resting spent in this place.
 E = Time spent auto-exploring this place.
 F = Levels seen in this place.
 G = Mean time per level.
                   A        B        C        D        E       F      G
               +--------+--------+--------+--------+--------+-----+--------+
         Total |   6640 |   6371 |    269 |    726 |   4051 |   8 |  830.0 |
       Dungeon |   6580 |   6368 |    212 |    726 |   4051 |   7 |  940.0 |
        Temple |     59 |      2 |     57 |      0 |      0 |   1 |   59.0 |
               +--------+--------+--------+--------+--------+-----+--------+

Top non-repeatable levels by time:
     D:6: 1366 daAuts
     D:5: 1180 daAuts
     D:3: 1071 daAuts
     D:4: 875 daAuts
     D:2: 782 daAuts
     D:1: 721 daAuts
     D:7: 583 daAuts
  Temple: 59 daAuts
